 Dungeon Crawl Stone Soup version 0.21.1-1-g345015fe64 (webtiles) character file.

4154 Gargoyl the Chopper (level 10, -5/83 HPs)
             Began as a Centaur Abyssal Knight on June 4, 2018.
             Was an Elder of Lugonu.
             Killed from afar by a gargoyle (26 damage)
             ... with a stone arrow
             ... on level 8 of the Dungeon.
             The game lasted 00:15:33 (10109 turns).

Gargoyl the Chopper (Centaur Abyssal Knight)       Turns: 10109, Time: 00:15:34

Health: -5/83      AC: 17    Str: 17    XL:     10   Next: 7%
Magic:  0/13       EV:  6    Int: 13    God:    Lugonu [****..]
Gold:   545        SH:  0    Dex: 16    Spells: 9/9 levels left

rFire    . . .     SeeInvis +   t - +4 hand axe (chop)
rCold    . . .     Gourm    .   (no shield)
rNeg     + . .     Faith    .   x - +1 chain mail of the Townfolk {-Cast Dex+2 Slay+4 Stlth-}
rPois    .         Spirit   +   d - +2 helmet
rElec    .         Reflect  .   (no cloak)
rCorr    +         Harm     .   j - +0 pair of gloves
MR       .....     NoTele   +   (no barding) Stlth ..........NoCast +
                                m - amulet of guardian spirit
HPRegen  0.23/turn              i - ring of resist corrosion
MPRegen  0.13/turn              s - ring of Entrepreneurial Spirit {-Tele rN+ Dex+4 SInv}

@: very quick
A: large, claws 1, hooves 3, yellow scales 1, clever 1, deformed body, speed 2,
low mp 1, tough skin 3
a: Depart the Abyss, Bend Space, Banish, Corrupt, Renounce Religion


You were on level 8 of the Dungeon.
You worshipped Lugonu.
Lugonu was greatly pleased with you.
You were not hungry.

You visited 1 branch of the dungeon, and saw 8 of its levels.
You visited the Abyss 1 time.

You collected 545 gold pieces.

Inventory:

Hand Weapons
 a - a +1 hand axe
 o - a +0 war axe
 t - a +4 hand axe of chopping (weapon)
Armour
 d - a +2 helmet (worn)
 j - a +0 pair of gloves (worn)
 p - a +0 chain mail
 x - the +1 chain mail of the Townfolk (worn) {-Cast Dex+2 Slay+4 Stlth-}
   (You took it off an orc on level 7 of the Dungeon)

   It affects your dexterity (+2).
   It affects your accuracy and damage with ranged weapons and melee attacks
   (+4).
   It prevents spellcasting.
   It makes you less stealthy.
Jewellery
 i - a ring of resist corrosion (left hand)
 m - an amulet of guardian spirit (around neck)
 s - the ring of Entrepreneurial Spirit (right hand) {-Tele rN+ Dex+4 SInv}
   (You found it on level 5 of the Dungeon)

   [ring of see invisible]

   It affects your dexterity (+4).
   It protects you from negative energy.
   It lets you see invisible.
   It prevents most forms of teleportation.
 w - an uncursed amulet of regeneration {unknown}
Wands
 f - a wand of acid (9)
Scrolls
 g - 2 scrolls of magic mapping
 h - 2 scrolls of teleportation
 k - a scroll of identify
 l - 2 scrolls of remove curse
 q - a scroll of blinking
 u - a scroll of enchant weapon {unknown}
 v - a scroll of amnesia
Potions
 b - a potion of curing
 e - a potion of brilliance
 n - a potion of agility
 r - a potion of invisibility
Comestibles
 c - 12 rations
 z - 2 chunks of flesh


   Skills:
 + Level 6.0 Fighting
 + Level 7.6 Axes
 * Level 6.8 Armour
 + Level 2.2 Dodging
 * Level 6.7 Invocations


You had 9 spell levels left.
You didn't know any spells.

Dungeon Overview and Level Annotations

Branches:
Dungeon (8/15)             Temple (0/1) D:5
   Lair: D:8-11

Altars:
Cheibriados
Dithmenos
Fedhas
Hepliaklqana
Ru
Xom


Innate Abilities, Weirdness & Mutations

You have hooves in place of feet.
Armour fits poorly on your strangely shaped body.
You cover ground very quickly.
You have extremely tough skin. (AC +3)
You have sharp fingernails.
You are partially covered in yellow scales. (AC +2)
Your mind is acute. (Int +2)
Your magical capacity is low. (-10% MP)


Message History

You closely miss the gargoyle. Your kick misses the gargoyle.
The gargoyle is lightly damaged.
Your chain mail of the Townfolk prevents you from hitting the gargoyle.
Your kick misses the gargoyle.
The gargoyle is lightly damaged.
The gargoyle hurls a stone arrow at you.
The stone arrow hits you!
You hit the gargoyle but do no damage.
The gargoyle is lightly damaged.
The gargoyle hits you with a mace.
You hit the gargoyle but do no damage. Your kick misses the gargoyle.
The gargoyle is lightly damaged.
The gargoyle hurls a stone arrow at you.
The stone arrow hits you!
* * * LOW HITPOINT WARNING * * *
You hit the gargoyle. Your kick misses the gargoyle.
The gargoyle is moderately damaged.
The gargoyle hurls a stone arrow at you.
The stone arrow hits you!
You die...

###########
###.........###
#...#######...#
##.### ## ###.##
#..# ##+.+## #..#
#.###+.....+###.#
#.#8#.......# #.#
#.##'.......+##.#
#.##@...8....##.#
#.##9.......+ #.#
#.#(#.......# #.#
#.###+.....+###.#
#..# ##...## #..#
##.###8...8###.##
#...##...##...#
###
###.........###
#..
#####.##########.#


You could see a gargoyle.

Vanquished Creatures
  The ghost of stick0rick the Protected, a novice DDFi (D:8)
  Pikel (D:8)
  Prince Ribbit (D:8)
  A hippogriff (D:7)
  The ghost of Gargoyl the Skirmisher, an amateur CeAK of Lugonu (D:4)
  A hungry ghost (D:7)
  Duvessa (D:7)
  An orc warrior (D:7)
  A phantom (D:5)
  2 ice beasts (D:7)
  An ogre (D:6)
  2 centaurs
  3 bullfrogs
  Dowan (D:7)
  4 scorpions
  3 wights (D:7)
  4 howler monkeys
  A jelly (D:5)
  2 crimson imps
  A centaur zombie (D:7)
  5 orc priests
  4 hounds
  An iguana (D:5)
  2 orc wizards
  5 worker ants
  A killer bee zombie (D:7)
  A hound zombie (D:7)
  2 hound skeletons (D:4)
  A howler monkey skeleton (D:7)
  7 gnolls
  6 adders
  A shadow imp (D:5)
  2 oozes
  2 adder zombies
  A worm (D:7)
  2 dart slugs
  5 leopard geckos
  25 orcs
  4 ball pythons
  10 giant cockroaches
  10 goblins
  9 hobgoblins
  11 jackals
  4 kobolds
  3 quokkas
  9 bats
  3 frilled lizards
  A jackal zombie (D:7)
  2 leopard gecko skeletons
  6 rats
178 creatures vanquished.

Vanquished Creatures (others)
  A sky beast (D:4)
  An adder (D:8)
2 creatures vanquished.

Grand Total: 180 creatures vanquished

Notes
Turn   | Place    | Note
-------+----------+-------------------------------------------
     0 | Abyss:1  | Gargoyl the Centaur Abyssal Knight began the quest for the Orb.
     0 | Abyss:1  | Reached XP level 1. HP: 19/19 MP: 2/2
    44 | Abyss:1  | Noticed an ophan
    57 | Abyss:2  | Found a corrupted altar of Lugonu.
   116 | Abyss:3  | Noticed a brown very ugly thing
   116 | Abyss:3  | Noticed a guardian serpent
   126 | Abyss:4  | Noticed a starcursed mass
   140 | Abyss:4  | Found a hazy altar of Hepliaklqana.
   153 | Abyss:4  | Found a corrupted altar of Lugonu.
   161 | Abyss:4  | Noticed a thrashing horror
   163 | D:1      | Escaped the Abyss
   548 | D:1      | Reached * piety under Lugonu
   548 | D:1      | Reached XP level 2. HP: 18/26 MP: 3/3
   833 | D:1      | Reached skill level 2 in Axes
  1199 | D:2      | Reached XP level 3. HP: 29/31 MP: 4/4
  2192 | D:3      | Reached ** piety under Lugonu
  2192 | D:3      | Reached XP level 4. HP: 38/39 MP: 5/5
  2203 | D:3      | Reached skill level 1 in Dodging
  2714 | D:3      | Found a sacrificial altar of Ru.
  2782 | D:4      | Noticed Gargoyl's ghost (amateur CeAK)
  2964 | D:4      | Killed Gargoyl's ghost
  2964 | D:4      | Reached skill level 3 in Axes
  2964 | D:4      | Reached XP level 5. HP: 30/46 MP: 1/7
  3195 | D:4      | Reached XP level 6. HP: 26/52 MP: 5/8
  4049 | D:5      | Entered Level 5 of the Dungeon
  4068 | D:4      | Reached XP level 7. HP: 34/59 MP: 3/9
  4213 | D:5      | Reached *** piety under Lugonu
  4412 | D:5      | Reached skill level 4 in Axes
  4919 | D:5      | Got a faintly glowing amber ring
  4920 | D:5      | Identified the ring of Entrepreneurial Spirit {-Tele rN+ Dex+4 SInv} (You found it on level 5 of the Dungeon)
  5021 | D:5      | Found a staircase to the Ecumenical Temple.
  5579 | D:4      | Gained mutation: You are frail. (-10% HP) [potion of mutation]
  5579 | D:4      | Gained mutation: Your muscles are strong. (Str +2) [potion of mutation]
  5836 | D:3      | Lost mutation: You are frail. (-10% HP) [potion of mutation]
  5836 | D:3      | Lost mutation: Your muscles are strong. (Str +2) [potion of mutation]
  5836 | D:3      | Gained mutation: Your magical capacity is low. (-10% MP) [potion of mutation]
  5836 | D:3      | Gained mutation: You are partially covered in yellow scales. (AC +2) [potion of mutation]
  5836 | D:3      | Gained mutation: You have sharp fingernails. [potion of mutation]
  5836 | D:3      | Gained mutation: Your mind is acute. (Int +2) [potion of mutation]
  5887 | D:4      | Reached XP level 8. HP: 12/67 MP: 4/10
  6315 | D:5      | Found a blossoming altar of Fedhas.
  7048 | D:6      | Reached skill level 5 in Axes
  7213 | D:6      | Found a hazy altar of Hepliaklqana.
  7358 | D:6      | Reached skill level 5 in Armour
  7703 | D:7      | Reached skill level 5 in Invocations
  7717 | D:7      | Found a snail-covered altar of Cheibriados.
  7738 | D:7      | Noticed a hippogriff
  7752 | D:7      | Killed a hippogriff
  7752 | D:7      | Reached **** piety under Lugonu
  7752 | D:7      | Reached skill level 5 in Fighting
  7983 | D:7      | Reached skill level 6 in Axes
  7989 | D:7      | Noticed Duvessa
  7990 | D:7      | Noticed Dowan
  8009 | D:7      | Killed Duvessa
  8009 | D:7      | Reached XP level 9. HP: 40/74 MP: 7/11
  8358 | D:7      | Killed Dowan
  8844 | D:7      | Got a shimmering spear {freeze}
  8844 | D:7      | Got a jewelled chain mail
  8855 | D:7      | Identified the cursed +1 chain mail of the Townfolk {-Cast Dex+2 Slay+4 Stlth-} (You took it off an orc on level 7 of the Dungeon)
  8855 | D:7      | Identified the cursed +1 spear of Fatzy {freeze, rC+ MR+ Str+3} (You took it off an orc on level 7 of the Dungeon)
  9114 | D:7      | Found a shimmering altar of Xom.
  9219 | D:8      | Noticed Pikel
  9243 | D:8      | Killed Pikel
  9243 | D:8      | Reached skill level 7 in Axes
  9653 | D:8      | Found a shadowy altar of Dithmenos.
  9654 | D:8      | Noticed stick0rick's ghost (novice DDFi)
  9687 | D:8      | Killed stick0rick's ghost
  9687 | D:8      | Reached XP level 10. HP: 13/83 MP: 2/13
 10018 | D:8      | Noticed Prince Ribbit
 10029 | D:8      | Killed Prince Ribbit
 10101 | D:8      | Noticed a gargoyle
 10109 | D:8      | Killed from afar by a gargoyle

Skill      XL: |  1  2  3  4  5  6  7  8  9 |
---------------+----------------------------+-----
Axes           | 2 3 4 6 7 |  7.6
Armour         | 2 3 4 5 6 |  6.8
Dodging        | 1 2 |  2.2
Invocations    | 3 4 5 6 |  6.7
Fighting       | 4 5 6 |  6.0

Action                   |  1- 3 |  4- 6 |  7- 9 | 10-12 || total
-------------------------+-------+-------+-------+-------++-------
Melee: Hand axe          |   125 |       |    79 |    14 ||   218
       Kick              |    17 |    27 |   116 |     4 ||   164
       War axe           |     7 |   141 |   315 |       ||   463
Invok: Depart the Abyss  |     1 |       |       |       ||     1
       Banish            |       |       |     1 |       ||     1
  Use: Scroll            |     4 |     4 |    10 |       ||    18
       Potion            |       |     2 |     6 |       ||     8
  Eat: Chunk             |     3 |     1 |     8 |     2 ||    14
       Ration            |       |     1 |     4 |       ||     5
Armor: Leather armour    |     7 |       |       |       ||     7
       Scale mail        |   103 |    34 |       |       ||   137
       Chain mail        |       |    85 |   354 |     2 ||   441
Dodge: Dodged            |    93 |    60 |   136 |     1 ||   290
